 Dungeon Crawl Stone Soup version 0.31-a0-700-gf13585253f (webtiles) character file.

Game seed: 10249286316231517463

79 qw the Shooter (level 4, 0/28 HPs)
             Began as a Gargoyle Hunter on Sept 7, 2023.
             Slain by a gnoll
             ... wielding a +0 spear
              (1 damage)
             ... on level 2 of the Dungeon.
             The game lasted 00:00:30 (710 turns).

qw the Shooter (Gargoyle Hunter)                     Turns: 710, Time: 00:00:30

Health: 0/28       AC:  6    Str: 14    XL:     4   Next: 37%
Magic:  4/4        EV: 11    Int: 10    God:
Gold:   62         SH:  0    Dex: 15    Spells: 3/3 levels left

rFire   . . .        Y - +0 shortbow
rCold   . . .        (shield currently unavailable)
rNeg    + . .        c - +0 leather armour
rPois   inf          (no helmet)
rElec   +            (no cloak)
rCorr   .            (no gloves)
SInv    +            (no boots)
Will    .....        (no amulet)
Stlth   ++           i - ring of see invisible
HPRegen 0.24/turn    (no ring)
MPRegen 0.09/turn

%: no passive effects
@: no status effects
A: sickness immunity, AC +3, negative energy resistance 1, electricity
resistance, torment resistance 1, petrification resistance
a: no special abilities


You were on level 2 of the Dungeon.
You visited 1 branch of the dungeon, and saw 2 of its levels.

You collected 62 gold pieces.


Innate Abilities, Weirdness & Mutations

You are immune to sickness and miasma.
Your stone body is resilient. (AC +3)
You are immune to poison.
You resist negative energy. (rN+)
You are resistant to electric shocks. (rElec)
You are resistant to unholy torment.
You are immune to petrification.


   Skills:
 - Level 3.2 Fighting
 + Level 5.3 Ranged Weapons
 - Level 1.5 Dodging
 - Level 1.1 Stealth


You had 3 spell levels left.
You didn't know any spells.
Your spell library was empty.

Inventory:

Hand Weapons
 Y - a +0 shortbow (weapon)
Armour
 c - a +0 leather armour (worn)
Jewellery
 i - a ring of see invisible (left hand)
Scrolls
 e - a scroll of silence {unknown}
Potions
 a - a potion of cancellation {unknown}
 b - a potion of attraction {unknown}
 d - a potion of heal wounds {unknown}
 f - a potion of might {unknown}
 g - a potion of degeneration {unknown}

Dungeon Overview and Level Annotations

Branches:
Dungeon (2/15)

Altars:

Shops:
D:2 (


Message History

The gnoll barely misses you.
You shoot an arrow. The arrow hits the gnoll.
The gnoll is lightly wounded.
The gnoll hits you with a +0 whip!
You shoot an arrow. The arrow barely misses the gnoll.
The arrow hits the gnoll.
The gnoll is heavily wounded.
The gnoll closely misses you. x3
You shoot an arrow. The arrow hits the gnoll.
The gnoll is lightly wounded.
The gnoll hits you from afar with a +0 spear!
The gnoll closely misses you.
You shoot an arrow. The arrow barely misses the gnoll.
The arrow hits the gnoll.
The gnoll is severely wounded.
The gnoll barely misses you. x2
You shoot an arrow. The arrow hits the gnoll.
The gnoll is moderately wounded.
The gnoll completely misses you.
The gnoll hits you from afar with a +0 spear.
You shoot an arrow.
The arrow hits the gnoll but does no damage.
The gnoll is moderately wounded.
The gnoll hits you with a +0 whip. The gnoll misses you.
You shoot an arrow.
The arrow hits the gnoll but does no damage.
The gnoll is moderately wounded.
The gnoll closely misses you. The gnoll misses you.
The gnoll barely misses you. The gnoll misses you.
You shoot an arrow.
The arrow hits the gnoll but does no damage.
The gnoll is moderately wounded.
The gnoll closely misses you.
The gnoll hits you from afar with a +0 spear.
You shoot an arrow. The arrow closely misses the gnoll.
The arrow hits the gnoll.
You kill the gnoll!
The gnoll misses you.
The gnoll hits you from afar with a +0 spear.
You shoot an arrow. The arrow closely misses the gnoll.
The gnoll hits you from afar with a +0 spear.
You die...

...#...##.#.#
#####.#....#.#
#......#.#
#.####.#.# #.#
#.#.# #. #.#.#
#.#.# #.#.#
#@# #g#
..<...g)#
......###
.##g#. .. . ..
.# . .. ..


You could see 2 gnolls.

Vanquished Creatures
  A gnoll (D:2)
  2 adders (D:2)
  6 dart slugs
  2 endoplasms
  4 giant cockroaches
  2 goblins (D:1)
  7 hobgoblins
  2 jackals (D:1)
  A quokka (D:1)
  6 ball pythons
  2 kobolds (D:1)
  2 rats (D:1)
37 creatures vanquished.

Notes
Turn   | Place    | Note
-------+----------+-------------------------------------------
     0 | D:1      | qw the Gargoyle Hunter began the quest for the Orb.
     0 | D:1      | Reached XP level 1. HP: 12/12 MP: 1/1
     0 | D:1      | 0 ||| qw: Version: 0.3-a-76-g4403597
     0 | D:1      | 0 ||| qw: Game counter: 654
     0 | D:1      | 0 ||| qw: Melee chars always use a shield: true
     0 | D:1      | 0 ||| qw: God list: Okawaru
     0 | D:1      | 0 ||| qw: Allow faded altars: false
     0 | D:1      | 0 ||| qw: Do Orc after clearing Dungeon:15 true
     0 | D:1      | 0 ||| qw: Do second Lair branch before Depths: true
     0 | D:1      | 0 ||| qw: Lair rune preference: random
     0 | D:1      | 0 ||| qw: Goals: Normal
     0 | D:1      | 0 ||| PLANNING D:1-11
     2 | D:1      | Noticed an octopode
     2 | D:1      | Noticed a vampire
     4 | D:1      | Noticed a demigod
     4 | D:1      | Noticed a demonspawn
     6 | D:1      | Noticed a gargoyle
     6 | D:1      | Noticed a tengu
     8 | D:1      | Noticed a naga
     8 | D:1      | Noticed a draconian
    10 | D:1      | Noticed a vine stalker
    10 | D:1      | Noticed an elf
    12 | D:1      | Noticed a formicid
    12 | D:1      | Noticed a human
    14 | D:1      | Noticed a meteoran
    14 | D:1      | Noticed a ghoul
    16 | D:1      | Noticed a minotaur
    18 | D:1      | Noticed a spriggan
    18 | D:1      | Noticed an armataur
    20 | D:1      | Noticed a troll
    20 | D:1      | Noticed a merfolk
    22 | D:1      | Noticed a felid
    24 | D:1      | Noticed a felid
    24 | D:1      | Noticed an ogre
    26 | D:1      | Noticed a gargoyle
    26 | D:1      | Noticed a tengu
    53 | D:1      | Reached XP level 2. HP: 17/17 MP: 2/2
   207 | D:1      | Reached XP level 3. HP: 21/21 MP: 3/3
   271 | D:1      | 271 ||| DROPPING +2 sling of flaming.
   280 | D:1      | Reached skill level 5 in Ranged Weapons
   444 | D:1      | 444 ||| UPGRADING to ring of see invisible.
   445 | D:1      | 445 ||| READING scroll labelled GUCRAADGH ISHRIP.
   446 | D:1      | 446 ||| READING 2 scrolls labelled TEOSYROCLY.
   447 | D:1      | 447 ||| READING scroll labelled WEKUMI ORAST.
   448 | D:1      | 448 ||| READING scroll labelled VIKOER VUOD.
   449 | D:1      | 449 ||| DROPPING scroll of butterflies.
   450 | D:1      | 450 ||| DROPPING scroll of revelation.
   463 | D:2      | Found Muoraiff's Weapon Boutique.
   655 | D:2      | Reached skill level 3 in Fighting
   661 | D:2      | Reached XP level 4. HP: 28/28 MP: 4/4
   691 | D:2      | 691 ||| RETREATING.
   698 | D:2      | 698 ||| Stepping ~*~*~tactically~*~*~ (retreating).
   706 | D:2      | HP: 5/28 [gnoll/+0 whip (3)]
   709 | D:2      | HP: 1/28 [gnoll/+0 spear (2)]
   710 | D:2      | Slain by a gnoll

Levels and vault maps discovered:
D:1:      kb_arrival_jail, layout_rooms, minivault_11, minmay_stone_trees_small,
          serial_bayou_pond_e
D:2:      layout_loops_ring, serial_shops, nicolae_shop_bloodbath_and_beyond,
          minmay_tetromino_s2

Skill      XL: |  1  2  3 |
---------------+----------+-----
Ranged Weapons | 5 |  5.3
Fighting       | 3 |  3.2
Dodging        | |  1.5
Stealth        | |  1.1

Action                     |  1- 3 |  4- 6 || total
---------------------------+-------+-------++-------
   Fire: Shortbow          |   105 |    22 ||   127
    Use: Scroll            |     4 |       ||     4
 Armour: Leather armour    |    20 |    10 ||    30
  Dodge: Dodged            |    23 |    18 ||    41

Table legend:
 A = Non-vault XP
 B = Vault XP
 C = Vault XP percentage of total XP
 D = Non-vault monster count
 E = Vault monster count
 F = Vault count percentage of total count
                 A         B        C        D         E       F
            +---------+---------+-------+---------+---------+-------
      Total |      96 |      17 |  15.0 |      35 |       2 |   5.4
            +---------+---------+-------+---------+---------+-------
        D:1 |      58 |       0 |   0.0 |      27 |       0 |   0.0
        D:2 |      38 |      17 |  30.9 |       8 |       2 |  20.0
            +---------+---------+-------+---------+---------+-------
